 Dungeon Crawl Stone Soup version 0.20.1-1-g8b1a95d (webtiles) character file.

217 renl the Digger (level 5, -3/38 HPs)
             Began as a Draconian Earth Elementalist on July 16, 2017.
             Slain by an orc
             ... wielding a +2 whip of venom
              (6 damage)
             ... on level 3 of the Dungeon.
             The game lasted 00:06:34 (1914 turns).

renl the Digger (Draconian Earth Elementalist)      Turns: 1914, Time: 00:06:34

Health: -3/38      AC:  5    Str: 11    XL:     5   Next: 61%
Magic:  0/9        EV: 12    Int: 16    God:
Gold:   163        SH:  0    Dex: 11    Spells: 6/9 levels left

rFire    . . .     SeeInvis .   a - +2 dagger (venom)
rCold    . . .     Gourm    .   (no shield)
rNeg     . . .     Faith    .   (armour unavailable)
rPois    .         Spirit   .   (helmet restricted)
rElec    .         Reflect  .   (no cloak)
rCorr    .         Harm     .   (no gloves)
MR       .....                  (no boots)
Stlth    ++........             (no amulet)
Regen    0.2/turn               (no ring)
MPRegen  0.2/turn               (no ring)

@: no status effects
A: unfitting armour, cold-blooded, AC +5
a: no special abilities


You were on level 3 of the Dungeon.
You were not hungry.

You visited 1 branch of the dungeon, and saw 3 of its levels.

You collected 163 gold pieces.

Inventory:

Hand Weapons
 a - a +2 dagger of venom (weapon)
Missiles
 b - 57 stones (quivered)
Scrolls
 h - a scroll of identify {unknown}
 j - a scroll of enchant armour {unknown}
 k - a scroll of fog {unknown}
 l - 4 scrolls of remove curse {unknown}
 q - a scroll of teleportation {unknown}
Potions
 e - 3 potions of curing {unknown}
 i - a potion of degeneration {unknown}
 n - a potion of flight {unknown}
 p - a potion of cancellation {unknown}
 r - a potion of might {unknown}
Books
 d - a book of Geomancy

   Spells                             Type                      Level
   a - Sandblast                      Earth                        1
   b - Passwall                       Transmutation/Earth          2
   c - Stone Arrow                    Conjuration/Earth            3
   d - Petrify                        Transmutation/Earth          4
   e - Lee's Rapid Deconstruction     Earth                        5
Comestibles
 c - 2 bread rations
 f - 3 chunks of flesh
 g - 2 royal jellies
 m - 2 fruits
 o - a meat ration


   Skills:
 - Level 1.7 Dodging
 - Level 1.7 Stealth
 + Level 2.7 Spellcasting
 + Level 1.0 Transmutations
 * Level 6.0 Earth Magic


You had 6 spell levels left.
You knew the following spells:

 Your Spells              Type           Power        Failure   Level  Hunger
a - Sandblast             Erth           ###...       1%          1    #......
b - Passwall              Tmut/Erth      ##........   7%          2    ##.....


Dungeon Overview and Level Annotations

Branches:
Dungeon (3/15)

Altars:


Innate Abilities, Weirdness & Mutations

Your plain brown scales are hard. (AC +5)
You cannot fit into any form of body armour.
You are cold-blooded and may be slowed by cold attacks.


Message History

b - 59 stones
Casting: Sandblast
Confirm with . or Enter, or press ? or * to list all spells.
Aiming: Sandblast
Press: ? - help, Shift-Dir - straight line, f - orc
Aim: an orc, wielding a whip of venom The blast of sand hits the frilled lizard.
You kill the frilled lizard!
b - 58 stones
Casting: Sandblast
Confirm with . or Enter, or press ? or * to list all spells.
Aiming: Sandblast
Press: ? - help, Shift-Dir - straight line, f/p - orc
Aim: an orc, wielding a whip of venom The blast of sand misses the orc.
b - 57 stones You feel sick.
You are no longer poisoned.
The orc hits you with a whip of venom.
You die...

#.######.#....###.
...........##.....
##.######[#.##.#...
#... #......#... #..#
###.####... #..###+##
#.# #...
######..##...###.# #...
................>##
#### #.
######.@รท.........#
#...#######o##........#
#....).....#####.....#
#(########o# #.....#
.........#.#####.....#
#.#.#.#.#.#.#.#######
###..#.#.#.#.#.##
#...#.#.#.#.#.#.# ###
######....#.#.#l#.#.##
#####..


You could see 2 orcs.

Vanquished Creatures
  An orc priest (D:3)
  A centaur skeleton (D:3)
  Natasha (thrice) (D:2)
  2 adders (D:2)
  A worm (D:2)
  3 dart slugs (D:1)
  2 leopard geckos (D:3)
  2 orcs (D:3)
  A ball python (D:1)
  9 bats
  2 giant cockroaches (D:2)
  6 hobgoblins
  4 jackals (D:1)
  A quokka (D:2)
  2 frilled lizards
  7 goblins
  3 kobolds
  6 rats
56 creatures vanquished.

Notes
Turn   | Place    | Note
-------+----------+-------------------------------------------
     0 | D:1      | renl the Draconian Earth Elementalist began the quest for the Orb.
     0 | D:1      | Reached XP level 1. HP: 14/14 MP: 3/3
    44 | D:1      | Reached XP level 2. HP: 8/20 MP: 5/5
   301 | D:1      | Learned a level 2 spell: Passwall
   603 | D:1      | Reached skill level 4 in Earth Magic
   663 | D:1      | Reached XP level 3. HP: 23/26 MP: 6/6
  1054 | D:2      | Noticed Natasha
  1063 | D:2      | Killed Natasha
  1063 | D:2      | Reached XP level 4. HP: 16/33 MP: 0/7
  1233 | D:2      | Noticed Natasha
  1237 | D:2      | Killed Natasha
  1237 | D:2      | Reached skill level 5 in Earth Magic
  1301 | D:2      | Noticed Natasha
  1305 | D:2      | Killed Natasha
  1305 | D:2      | Reached XP level 5. HP: 29/38 MP: 5/8
  1779 | D:3      | Found a faded altar of an unknown god.
  1910 | D:3      | Reached skill level 6 in Earth Magic
  1914 | D:3      | Slain by an orc

Skill      XL: |  1  2  3  4  5 |
---------------+----------------+-----
Earth Magic    | 4 5 6 |  6.0
Dodging        | |  1.7
Stealth        | |  1.7
Spellcasting   | |  2.7
Transmutations | |  1.0

Action                   |  1- 3 |  4- 6 || total
-------------------------+-------+-------++-------
Melee: Dagger            |    65 |    61 ||   126
       Unarmed           |     1 |       ||     1
       Tailslap          |     7 |     6 ||    13
 Cast: Sandblast         |     7 |    17 ||    24
 Stab: Sleeping          |     4 |     3 ||     7
  Eat: Chunk             |       |     3 ||     3
Armor: Skin              |    13 |    30 ||    43
Dodge: Dodged            |    33 |    64 ||    97
